 Dungeon Crawl Stone Soup version 0.29.1-12-g30fa7ad0bf (webtiles) character file.

Game seed: 7877094601900928194

582 MoronicCinamun2 the Slasher (level 7, -8/58 HPs)
             Began as a Minotaur Gladiator on Jan 2, 2023.
             Was an Initiate of the Shining One.
             Mangled by Duvessa
             ... wielding a +0 short sword
              (11 damage)
             ... on level 5 of the Dungeon.
             The game lasted 00:28:10 (4447 turns).

MoronicCinamun2 the Slasher (Minotaur Gladiator)    Turns: 4447, Time: 00:28:11

Health: -8/58      AC: 10    Str: 19    XL:     7   Next: 14%
Magic:  7/7        EV: 11    Int:  5    God:    the Shining One [......]
Gold:   228        SH:  0    Dex: 13    Spells: 6/8 levels left

rFire   . . .      SeeInvis .   a - +0 long sword
rCold   . . .      Faith    .   (no shield)
rNeg    . . .      Spirit   .   C - +2 scale mail {rPois}
rPois   +          Reflect  .   G - +0 hat
rElec   .          Harm     .   (no cloak)
rCorr   .          Rampage  .   g - +0 pair of gloves
Will    .....                   (no boots)
Stlth   ..........              (no amulet)
HPRegen 0.19/turn               (no ring)
MPRegen 0.10/turn               (no ring)

@: glowing
A: horns 2, retaliatory headbutt, subdued magic 1
a: Renounce Religion


You were on level 5 of the Dungeon.
You worshipped the Shining One.
The Shining One was noncommittal.
You visited 2 branches of the dungeon, and saw 7 of its levels.

You collected 228 gold pieces.

Inventory:

Hand Weapons
 a - a +0 long sword (weapon)
 b - a +0 shortbow
 c - a +1 dagger of speed
 k - a +0 sling
 s - a +0 dagger
Missiles
 e - 6 stones
 n - 6 boomerangs
 B - a javelin
Armour
 f - a +0 leather armour
 g - a +0 pair of gloves (worn)
 j - a +0 ring mail
 u - a +0 buckler
 C - a +2 scale mail of poison resistance (worn)
 G - a +0 hat (worn)
Magical Staves
 t - a staff of fire
Jewellery
 l - an amulet of magic regeneration
Wands
 D - a wand of polymorph (13)
 E - a wand of acid (10)
 F - a wand of paralysis (6) (quivered)
Scrolls
 m - a scroll of vulnerability
 o - a scroll of torment {unknown}
 p - 3 scrolls of amnesia
 q - 3 scrolls of identify
 r - 2 scrolls of fear
 v - 2 scrolls of enchant weapon {unknown}
 w - a scroll of fog {unknown}
 x - a scroll of immolation {unknown}
 y - a scroll of enchant armour
 z - 2 scrolls of teleportation {unknown}
Potions
 h - 3 potions of curing
 i - 2 potions of invisibility {unknown}
 A - 3 potions of might {unknown}


   Skills:
 * Level 3.9 Fighting
 * Level 5.8 Long Blades
 + Level 2.9 Throwing
 + Level 4.2 Armour
 + Level 4.4 Dodging
 - Level 1.1 Spellcasting
 - Level 1.3 Transmutations
 * Level 0.6 Invocations


You had 6 spell levels left.
You knew the following spells:

 Your Spells              Type           Power      Damage    Failure   Level
a - Wereblood             Tmut           1%         N/A       73%         2

Your spell library contained the following spells:

 Spells                   Type           Power      Damage    Failure   Level
 Sublimation of Blood     Necr           0%         N/A       89%         2
 Petrify                  Tmut/Erth      0%         N/A       100%        4
 Irradiate                Conj/Tmut      0%         3d11      100%        5
 Summon Hydra             Summ           0%         N/A       100%        7


Dungeon Overview and Level Annotations

Branches:
Dungeon (6/15)             Temple (1/1) D:4

Altars:
Cheibriados
Fedhas
Gozag
Kikubaaqudgha
Nemelex Xobeh
Okawaru
Sif Muna
Trog
Uskayaw
Wu Jian
Zin
The Shining One

Annotations:
D:2 exclusion: downstairs
D:5 Duvessa


Innate Abilities, Weirdness & Mutations

You have a pair of horns on your head.
You reflexively headbutt those who attack you in melee.
Your spells are a little easier to cast, but a little less powerful.


Message History

Press: ? - help, Shift-Dir - straight line, f/p - Duvessa
Aim: Duvessa, wielding a +0 short sword and wearing a +0 chain mail (berserk, chance to affect: 31%) Duvessa easily resists.
Duvessa hits you with a +0 short sword! Duvessa attacks as you move away!
Duvessa misses you. Duvessa hits you with a +0 short sword.
Duvessa hits you with a +0 short sword. Duvessa attacks as you move away!
Duvessa misses you. Duvessa hits you with a +0 short sword.
* * * LOW HITPOINT WARNING * * *
Duvessa attacks as you move away! Duvessa closely misses you.
Duvessa hits you but does no damage.
Duvessa rages.
Duvessa attacks as you move away! Duvessa barely misses you.
Duvessa hits you with a +0 short sword.
* * * LOW HITPOINT WARNING * * *
You can't see any enemies this would affect, really read the scroll of fear?
Okay, then.
As you read the scroll labelled ZOATEO YTHRIOR, it crumbles to dust.
It is a scroll of enchant armour.
Your +1 scale mail of poison resistance glows green for a moment.
Duvessa hits you but does no damage.
You feel much better. Duvessa hits you with a +0 short sword.
Duvessa hits you with a +0 short sword! Duvessa hits you with a +0 short sword!
Duvessa attacks as you move away! Duvessa hits you with a +0 short sword.
* * * LOW HITPOINT WARNING * * *
Duvessa hits you but does no damage. Duvessa barely misses you.
You furiously retaliate!
You headbutt Duvessa! Duvessa hits you with a +0 short sword.
* * * LOW HITPOINT WARNING * * *
Duvessa hits you with a +0 short sword!
* * * LOW HITPOINT WARNING * * *
Duvessa barely misses you. Duvessa attacks as you move away!
Duvessa hits you with a +0 short sword.
* * * LOW HITPOINT WARNING * * *
Duvessa hits you but does no damage. Duvessa attacks as you move away!
Duvessa hits you with a +0 short sword.
* * * LOW HITPOINT WARNING * * *
Duvessa hits you with a +0 short sword!
You die...

#..#.[.#................
##..##'##.....>..).......
......†[.................
.........................
.........................
..................#######
..................############
.............................#
#.#.............@e...........#
#.#############..............#
#.######### #.##.###########
..........# #.#..# ......)...#
#.#.###### .....<)...#
#.#.#....# .....))...#
#.#...##'###### ..........#
#.#####...#...# .........)#
#.# #.....[8#


You could see Duvessa (berserk).

Vanquished Creatures
  A centaur (D:5)
  Blork the orc (D:4)
  Dowan (D:5)
  3 orc priests
  Ijyb (D:5)
  3 iguanas
  2 orc wizards (D:3)
  4 adders
  3 gnolls (D:4)
  2 dart slugs (D:3)
  10 orcs
  2 bats
  5 endoplasms
  3 giant cockroaches
  5 goblins
  7 hobgoblins
  8 kobolds
  4 quokkas
  8 ball pythons
  A frilled lizard (D:1)
  3 rats
77 creatures vanquished.

Vanquished Creatures (others)
  2 fungi (D:1)
  5 plants (D:1)
7 creatures vanquished.

Grand Total: 84 creatures vanquished

Notes
Turn   | Place    | Note
-------+----------+-------------------------------------------
     0 | D:1      | MoronicCinamun2 the Minotaur Gladiator began the quest for
                  | the Orb.
     0 | D:1      | Reached XP level 1. HP: 18/18 MP: 0/0
    79 | D:1      | Found a faded altar of an unknown god.
   253 | D:1      | Reached XP level 2. HP: 22/25 MP: 1/1
  1093 | D:2      | Reached skill level 4 in Long Blades
  1473 | D:2      | Reached XP level 3. HP: 30/30 MP: 2/2
  1736 | D:3      | Reached skill level 1 in Armour
  1782 | D:3      | Reached XP level 4. HP: 30/37 MP: 3/3
  1958 | D:3      | Learned a level 2 spell: Wereblood
  1975 | D:3      | Found a blossoming altar of Fedhas.
  2049 | D:3      | Found a sparkling altar of Nemelex Xobeh.
  2203 | D:3      | Reached XP level 5. HP: 32/45 MP: 4/4
  2548 | D:5      | Entered Level 5 of the Dungeon
  3084 | D:4      | Gained mutation: Your spells are a little easier to cast,
                  | but a little less powerful. [potion of mutation]
  3135 | D:5      | Noticed a centaur
  3199 | D:5      | Killed a centaur
  3200 | D:5      | Reached skill level 5 in Long Blades
  3200 | D:5      | Reached skill level 1 in Transmutations
  3200 | D:5      | Reached XP level 6. HP: 44/51 MP: 6/6
  3434 | D:4      | Noticed Blork the orc
  3444 | D:4      | Reached skill level 1 in Spellcasting
  3450 | D:4      | Killed Blork the orc
  3556 | D:4      | Found a staircase to the Ecumenical Temple.
  3565 | Temple   | Entered the Ecumenical Temple
  3630 | Temple   | Became a worshipper of the Shining One
  3948 | D:5      | Noticed a +0 falchion
  3949 | D:5      | Noticed a +0 spear
  3950 | D:5      | Noticed a +0 spear
  3950 | D:5      | Noticed Duvessa
  3950 | D:5      | Noticed a +0 falchion
  3950 | D:5      | Noticed a +0 dagger
  3951 | D:5      | Noticed a +0 short sword
  3951 | D:5      | Noticed a +0 short sword
  3951 | D:5      | Noticed a +0 dagger
  4158 | D:5      | Found a hide-covered altar of Uskayaw.
  4176 | D:5      | Noticed Dowan
  4180 | D:5      | Noticed Ijyb
  4191 | D:5      | Killed Dowan
  4192 | D:5      | Reached XP level 7. HP: 45/58 MP: 7/7
  4204 | D:5      | Paralysed by Ijyb for 2 turns
  4208 | D:5      | Killed Ijyb
  4393 | D:5      | Found an ornate altar of the Wu Jian Council.
  4447 | D:5      | HP: 2/58 [Duvessa/+0 short sword (5)]
  4447 | D:5      | Mangled by Duvessa

Illustrated notes

Levels and vault maps discovered:
D:1:      dpeg_arrival_rhombi, layout_basic,
          shapermc_ecumenical_altar_mp_urbaneastern,
          hangedman_abyss_or_decor_stabs
D:2:      layout_basic
D:3:      layout_rooms, nemelex_xobeh_ov_fountains_minmay,
          mainiacjoe_overflow_catwalk, roderic_roman_lattice, st_stairs_11
D:4:      layout_loops_ring, temple_hall, uniq_blork_the_orc
D:5:      layout_basic, nicolae_wu_jian_immortal_techniques,
          nicolae_uskayaw_en_pointe, kennysheep_donut, minmay_stone_trees_large,
          minmay_misc_feat_alley, amcnicky_mini_corridor_feature, uniq_duvessa,
          uniq_ijyb
D:6:      layout_basic, nicolae_overflow_squiral, uniq_prince_ribbit1
Temple:   hellmonk_temple_two_chambers

Skill      XL: |  1  2  3  4  5  6 |
---------------+-------------------+-----
Long Blades    | 4 5 |  5.8
Armour         | 1 2 3 4 |  4.2
Dodging        | 4 |  4.4
Fighting       | 3 |  3.9
Transmutations | 1 |  1.3
Spellcasting   | 1 |  1.1
Throwing       | |  2.9
Invocations    | |  0.6

Action                   |  1- 3 |  4- 6 |  7- 9 || total
-------------------------+-------+-------+-------++-------
Melee: Long sword        |    60 |   120 |    13 ||   193
       Headbutt          |    11 |    20 |     4 ||    35
       Punch             |     1 |     1 |       ||     2
 Fire: Sling             |    15 |     8 |       ||    23
       Shortbow          |       |     1 |       ||     1
Throw: Stone             |    10 |     9 |       ||    19
       Boomerang         |     3 |     8 |     3 ||    14
       Throwing net      |       |     7 |       ||     7
       Javelin           |       |     1 |       ||     1
 Cast: Wereblood         |       |     1 |       ||     1
Evoke: Wand              |       |       |     1 ||     1
  Use: Scroll            |     2 |     6 |     1 ||     9
       Potion            |       |     1 |     1 ||     2
 Stab: Held in net/web   |       |     1 |       ||     1
Armor: Leather armour    |     4 |       |       ||     4
       Ring mail         |    13 |    33 |       ||    46
       Scale mail        |       |    13 |     9 ||    22
Dodge: Dodged            |    37 |    85 |    11 ||   133
